 Dungeon Crawl Stone Soup version 0.25-a0-258-g6d7e32a812 (webtiles) character file.

Game seed: 6858345821099678028, levelgen mode: deterministic

5042 night the Destroyer (level 10, -16/63 HPs)
             Began as a Demonspawn Conjurer on Dec 6, 2019.
             Was a Believer of Vehumet.
             Blown up by Maurice (33 damage)
             ... with a disintegration bolt
             ... on level 9 of the Dungeon.
             The game lasted 00:36:47 (10863 turns).

night the Destroyer (Demonspawn Conjurer)          Turns: 10863, Time: 00:36:48

Health: -16/63     AC: 10    Str:  8    XL:     10   Next: 30%
Magic:  1/24       EV: 10    Int: 19    God:    Vehumet [**....]
Gold:   377        SH:  0    Dex: 15    Spells: 15/29 levels left

rFire    + . .     SeeInvis .   S - +1 dagger (speed)
rCold    . . .     Gourm    .   (no shield)
rNeg     . . .     Faith    .   B - +0 ring mail (curse)
rPois    +         Spirit   .   (helmet restricted)
rElec    .         Reflect  .   I - +0 cloak
rCorr    .         Harm     .   x - +1 pair of gloves
MR       .....                  (no boots)
Stlth    +.........             (no amulet)
HPRegen  0.20/turn              d - ring of wizardry
MPRegen  0.19/turn              n - ring of poison resistance

@: no status effects
A: horns 1, icy blue scales 1, fire resistance 1, powered by death 1, spiny 1
a: Renounce Religion


You were on level 9 of the Dungeon.
You worshipped Vehumet.
Vehumet was pleased with you.
You were hungry.

You visited 1 branch of the dungeon, and saw 9 of its levels.
You also visited: Bailey.

You collected 377 gold pieces.

Inventory:

Hand Weapons
 y - a +1 morningstar
 A - the +2 flail "Wyusuem" {protect, rF++ Dex-5}
   (You found it on level 6 of the Dungeon)

   It grants its wielder temporary protection when it strikes (+7 to AC).
   It affects your dexterity (-5).
   It greatly protects you from fire.
 N - a +3 falchion
 O - a +2 dagger of venom
 Q - a +0 hand crossbow
 S - a +1 dagger of speed (weapon)
Missiles
 i - 15 boomerangs (quivered)
 j - 72 bolts
 o - 189 sling bullets
 q - 114 stones
 s - 195 arrows
 z - 4 atropa-tipped darts
 L - 9 poisoned darts
Armour
 a - a +0 robe
 x - a +1 pair of gloves (worn)
 B - a cursed +0 ring mail (worn)
 F - a +0 buckler
 I - a +0 cloak (worn)
Magical Staves
 H - an uncursed staff of power
Jewellery
 d - a ring of wizardry (left hand)
 n - a ring of poison resistance (right hand)
 G - an uncursed ring of protection from cold
 R - an uncursed ring of magical power {unknown}
Wands
 t - a wand of acid (8)
 D - a wand of flame (8)
 P - a wand of paralysis (11)
Scrolls
 b - 2 scrolls of identify
 f - a scroll of amnesia
 h - 2 scrolls of fear
 l - 2 scrolls of teleportation
 p - 3 scrolls of enchant weapon
 r - a scroll of magic mapping
 u - 5 scrolls of remove curse
Potions
 e - 6 potions of flight
 g - a potion of lignification
 k - 2 potions of agility
 m - a potion of ambrosia
 v - 6 potions of curing
 w - 3 potions of brilliance
 C - a potion of resistance
 E - a potion of invisibility
 J - a potion of heal wounds
 K - a potion of experience {unknown}
 M - a potion of degeneration {unknown}
 T - 2 potions of berserk rage {unknown}
Comestibles
 c - 21 rations


   Skills:
 - Level 1.7 Dodging
 - Level 1.7 Stealth
 + Level 10.1 Spellcasting
 + Level 11.4 Conjurations


You had 15 spell levels left.
You knew the following spells:

 Your Spells              Type           Power        Failure   Level  Hunger
a - Magic Dart            Conj           ####         1%          1    None
b - Searing Ray           Conj           ######       1%          2    None
c - Iskenderun's Mystic   Conj/Tloc      ####....     9%          4    ##.....
d - Dazzling Flash        Conj/Hex       ####..       2%          3    None
e - Fulminant Prism       Conj/Hex       ####......   9%          4    ##.....

Your spell library contained the following spells:

 Spells                   Type           Power        Failure   Level  Hunger
 Inner Flame              Hex/Fire       #.......     26%         3    None


Dungeon Overview and Level Annotations

Branches:
Dungeon (9/15)             Temple (0/1) D:5          Bailey (visited)
   Lair: D:8-11         Orc: D:9-12

Altars:
Nemelex Xobeh
Vehumet
Wu Jian
Xom

Shops:
D:5 }

Annotations:
D:9 Maurice


Innate Abilities, Weirdness & Mutations

You have a pair of small horns on your head.
You are partially covered in icy blue scales. (AC +2)
Your flesh is heat resistant. (rF+)
You regenerate a little health from kills.
You are partially covered in sharp spines.


Message History

Aiming: Fulminant Prism (safe; 9% risk of failure)
Press: ? - help, Dir - move target cursor You conjure a prism of explosive energy!
A fulminant prism comes into view.
You hear a zap.
You are blasted!
* * * LOW HITPOINT WARNING * * *
Your fulminant prism crackles loudly.
You feel better.
Your fulminant prism crackles loudly.
Your fulminant prism explodes!
The blast of energy engulfs something!
You feel better.
You hear some strange, mumbled words.
Your fulminant prism explodes!
You hear a shout!
You hear a zap.
You are blasted!
Ouch! That really hurt!
You die...

.#...#..........#....#
##...#..........#....##
.....#..........#.....
.....#.......>.##....
.....#.........#....
.....#.........#...#
.....#.........#.ยง.#
.....#....##'###...#
.....#....#.....@..#
.....# . #........#
.....######....^...#
...................#
...#########.......#
...# #.......# ...#
#.......# )..#
#.......#
...#########.......#


There were no monsters in sight!

Vanquished Creatures
  A two-headed ogre (D:8)
  A troll (D:8)
  Prince Ribbit (D:8)
  A hornet (D:9)
  A wyvern (D:8)
  A spriggan (D:7)
  A hungry ghost (D:7)
  Grum (D:8)
  An orc warrior (D:8)
  3 sky beasts
  A phantom (D:9)
  2 ice beasts
  2 black bears
  A necrophage (D:8)
  3 wolves (D:8)
  2 centaurs
  A big kobold (D:9)
  A bullfrog (D:7)
  A gnoll sergeant (D:8)
  2 scorpions
  5 howler monkeys
  2 centaur zombies
  2 lava snakes (D:7)
  2 crimson imps
  3 jellies
  4 orc priests
  2 hounds
  Crazy Yiuf (D:7)
  A centaur skeleton (D:4)
  Jessica (D:2)
  4 iguanas
  6 orc wizards
  9 worker ants
  A hound skeleton (D:8)
  A worker ant zombie (D:9)
  7 gnolls
  A howler monkey skeleton (D:5)
  11 adders
  A river rat (D:3)
  4 shadow imps
  3 oozes
  2 adder zombies
  3 worms
  A dart slug (D:3)
  2 leopard geckos
  22 orcs
  5 ball pythons
  9 bats
  5 giant cockroaches
  5 goblins (D:1)
  14 hobgoblins
  15 jackals
  7 quokkas
  6 frilled lizards
  A jackal skeleton (D:4)
  12 kobolds
  A quokka skeleton (D:4)
  10 rats
219 creatures vanquished.

Vanquished Creatures (others)
  A jelly (D:9)
  20 fulminant prisms
21 creatures vanquished.

Grand Total: 240 creatures vanquished

Notes
Turn   | Place    | Note
-------+----------+-------------------------------------------
     0 | D:1      | night the Demonspawn Conjurer began the quest for the Orb.
     0 | D:1      | Reached XP level 1. HP: 13/13 MP: 3/3
   236 | D:1      | Gained mutation: You are partially covered in sharp spines.
                  | [demonic ancestry]
   236 | D:1      | Reached XP level 2. HP: 15/19 MP: 0/5
   331 | D:1      | Learned a level 2 spell: Searing Ray
   824 | D:1      | Gained mutation: You have a pair of small horns on your
                  | head. [demonic ancestry]
   824 | D:1      | Reached XP level 3. HP: 24/24 MP: 4/7
  1285 | D:2      | Noticed Jessica
  1286 | D:2      | Killed Jessica
  1333 | D:2      | Reached XP level 4. HP: 30/30 MP: 4/8
  1474 | D:2      | Reached skill level 5 in Conjurations
  2187 | D:2      | Learned a level 4 spell: Iskenderun's Mystic Blast
  2594 | D:3      | Reached XP level 5. HP: 18/35 MP: 1/10
  3491 | D:3      | Learned a level 3 spell: Dazzling Flash
  4091 | D:4      | Reached skill level 6 in Conjurations
  4091 | D:4      | Gained mutation: You are partially covered in icy blue
                  | scales. (AC +2) [demonic ancestry]
  4091 | D:4      | Reached XP level 6. HP: 41/41 MP: 2/12
  4396 | D:4      | Found a radiant altar of Vehumet.
  4409 | D:4      | Became a worshipper of Vehumet
  4810 | D:5      | Entered Level 5 of the Dungeon
  5115 | D:5      | Reached skill level 5 in Spellcasting
  5167 | D:5      | Found a staircase to the Ecumenical Temple.
  5186 | D:5      | Gained mutation: You regenerate a little health from kills.
                  | [demonic ancestry]
  5186 | D:5      | Reached XP level 7. HP: 34/46 MP: 6/14
  5460 | D:5      | Found Burekem's Gadget Boutique.
  5825 | D:6      | Reached skill level 7 in Conjurations
  5968 | D:4      | Got a heavily runed ring mail
  5979 | D:4      | Identified the cursed +0 ring mail of Waotufyu {rElec rF+++
                  | Str-4 Stlth-} (You found it on level 4 of the Dungeon)
  6325 | D:6      | Learned a level 4 spell: Fulminant Prism
  6508 | D:6      | Got a pitted flail
  6509 | D:6      | Identified the cursed +2 flail "Wyusuem" {protect, rF++
                  | Dex-5} (You found it on level 6 of the Dungeon)
  6831 | D:7      | Reached XP level 8. HP: 52/52 MP: 17/17
  6930 | D:7      | Reached skill level 8 in Conjurations
  6960 | D:7      | Reached * piety under Vehumet
  6960 | D:7      | Offered knowledge of Shock by Vehumet.
  7752 | D:7      | Found an ornate altar of the Wu Jian Council.
  7787 | D:7      | Found a runed translucent door.
  7790 | D:7      | Noticed Crazy Yiuf
  7799 | D:7      | Killed Crazy Yiuf
  7799 | D:7      | Reached skill level 9 in Conjurations
  7987 | D:8      | Noticed Grum
  8011 | D:8      | Gained mutation: Your flesh is heat resistant. (rF+)
                  | [demonic ancestry]
  8011 | D:8      | Reached XP level 9. HP: 53/57 MP: 20/20
  8013 | D:8      | Noticed a two-headed ogre
  8017 | D:8      | Killed Grum
  8145 | D:8      | Noticed a troll
  8153 | D:8      | Killed a troll
  8483 | D:8      | Reached skill level 10 in Conjurations
  8758 | D:8      | Noticed Prince Ribbit
  8763 | D:8      | Killed Prince Ribbit
  8779 | D:8      | Killed a two-headed ogre
  9024 | D:8      | Reached XP level 10. HP: 63/63 MP: 23/23
  9401 | D:8      | Reached skill level 11 in Conjurations
  9425 | D:8      | Offered knowledge of Sandblast by Vehumet.
  9429 | D:8      | Reached ** piety under Vehumet
  9626 | D:9      | Found a flagged portal.
  9659 | Bailey   | Entered a bailey
  9659 | Bailey   | Noticed an orc knight
  9659 | Bailey   | Noticed an orc knight
  9939 | D:9      | Reached skill level 10 in Spellcasting
 10068 | D:9      | Found a shimmering altar of Xom.
 10068 | D:9      | Found a sparkling altar of Nemelex Xobeh.
 10504 | D:9      | Offered knowledge of Inner Flame by Vehumet.
 10837 | D:9      | Noticed Maurice
 10860 | D:9      | HP: 3/63 [disintegration (28)]
 10863 | D:9      | Blown up by Maurice

Levels and vault maps discovered:
D:1:      dpeg_arrival_stone_temple_mockup, layout_loops_ring
D:2:      layout_basic, first_ration, uniq_jessica
D:3:      minmay_recursive_quarters, layout_loops_corners, portal_sewer_entry_b
D:4:      layout_loops_cross, vehumet_altar_wand_db
D:5:      layout_gridville, temple_fountains, serial_shops, shop_fountains,
          hex_tiny
D:6:      layout_rooms
D:7:      layout_rooms, lemuel_doored_altar, the_bakery, kennysheep_minor_cross,
          uniq_crazy_yiuf_cottage
D:8:      layout_loops_ring, uniq_grum, uniq_prince_ribbit1
D:9:      minmay_razor_zed, layout_irregular_city,
          gammafunk_temple_overflow_elements, enter_bailey_6,
          lemuel_flame_loot_1, uniq_maurice

Skill      XL: |  1  2  3  4  5  6  7  8  9 10 |
---------------+-------------------------------+-----
Spellcasting   | 3 4 5 6 7 9 10 | 10.1
Conjurations   | 5 6 7 9 10 11 | 11.4
Dodging        | |  1.7
Stealth        | |  1.7

Action                   |  1- 3 |  4- 6 |  7- 9 | 10-12 || total
-------------------------+-------+-------+-------+-------++-------
Melee: Unarmed           |       |     6 |       |       ||     6
       Morningstar       |       |    13 |     9 |       ||    22
       Headbutt          |       |     3 |     1 |       ||     4
       Staff             |       |       |     1 |       ||     1
 Cast: Magic Dart        |    55 |   123 |   164 |    51 ||   393
       Searing Ray       |     2 |    18 |    28 |    10 ||    58
       Iskenderun's Myst |       |     1 |    25 |    14 ||    40
       Fulminant Prism   |       |       |     7 |    13 ||    20
       Dazzling Flash    |       |       |     1 |       ||     1
Evoke: Wand              |       |       |       |     1 ||     1
  Use: Potion            |       |     1 |       |     2 ||     3
       Scroll            |       |       |    20 |       ||    20
  Eat: Chunk             |     2 |     9 |    15 |     3 ||    29
       Ration            |       |     1 |       |     1 ||     2
Armor: Robe              |     9 |     4 |     6 |       ||    19
       Skin              |       |     2 |       |       ||     2
       Ring mail         |       |       |     9 |    10 ||    19
Dodge: Dodged            |     9 |    22 |    37 |    10 ||    78

Table legend:
 A = Non-vault XP
 B = Vault XP
 C = Vault XP percentage of total XP
 D = Non-vault monster count
 E = Vault monster count
 F = Vault count percentage of total count
                 A         B        C        D         E       F
            +---------+---------+-------+---------+---------+-------
      Total |    5971 |    1232 |  17.1 |     194 |      25 |  11.4
            +---------+---------+-------+---------+---------+-------
        D:1 |      51 |       0 |   0.0 |      32 |       0 |   0.0
        D:2 |      56 |      37 |  39.8 |      20 |       1 |   4.8
        D:3 |     170 |      56 |  24.8 |      19 |      13 |  40.6
        D:4 |     253 |       2 |   0.8 |      19 |       1 |   5.0
        D:5 |     309 |       0 |   0.0 |      10 |       0 |   0.0
        D:6 |     439 |       0 |   0.0 |      15 |       0 |   0.0
        D:7 |     827 |     254 |  23.5 |      20 |       2 |   9.1
        D:8 |    2671 |     811 |  23.3 |      29 |       5 |  14.7
        D:9 |    1195 |      72 |   5.7 |      30 |       3 |   9.1
            +---------+---------+-------+---------+---------+-------
